 Dungeon Crawl Stone Soup version 0.30-a0-322-g102857c98e (webtiles) character file.

Game seed: 11538390852772705755

41 billz999 the Skirmisher (level 3, -3/31 HPs)
             Began as a Gnoll Hunter on Oct 27, 2022.
             Slain by a gnoll
             ... wielding a +1 halberd of pain
              (6 damage)
             ... on level 1 of the Dungeon.
             The game lasted 00:02:00 (1076 turns).

billz999 the Skirmisher (Gnoll Hunter)              Turns: 1076, Time: 00:02:01

Health: -3/31      AC:  6    Str: 10    XL:     3   Next: 52%
Magic:  4/5        EV: 10    Int:  6    God:
Gold:   59         SH:  0    Dex: 17    Spells: 3/3 levels left

rFire   . . .      SeeInvis .    a - +0 shortbow
rCold   . . .      Faith    .    (shield currently unavailable)
rNeg    . . .      Spirit   .    g - +0 scale mail
rPois   .          Reflect  .    (no helmet)
rElec   .          Harm     .    (no cloak)
rCorr   .          Rampage  .    (no gloves)
Will    .....                    (no boots)
Stlth   +.........               (no amulet)
HPRegen 0.25/turn                (no ring)
MPRegen 0.09/turn                (no ring)

@: about to teleport
A: fangs 1, strong nose, distributed training, dopey 1, high MP 2, passive
freeze
a: no special abilities


You were on level 1 of the Dungeon.
You visited 1 branch of the dungeon, and saw 2 of its levels.

You collected 59 gold pieces.

Inventory:

Hand Weapons
 a - a +0 shortbow (weapon)
 b - a +3 scimitar
Missiles
 e - 4 poisoned darts
Armour
 c - a +0 leather armour
 g - a +0 scale mail (worn)
Jewellery
 m - an amulet of the acrobat
Scrolls
 d - a scroll of amnesia {unknown}
 f - a scroll of identify {unknown}
 h - 2 scrolls of teleportation
 i - a scroll of blinking {unknown}
 j - a scroll of vulnerability {unknown}
 k - a scroll of immolation
 l - a scroll of noise {unknown}


   Skills:
 + Level 4.5 Fighting
 + Level 0.9 Short Blades
 + Level 0.9 Long Blades
 + Level 0.9 Axes
 + Level 0.9 Maces & Flails
 + Level 0.9 Polearms
 + Level 0.9 Staves
 + Level 8.5 Ranged Weapons
 + Level 0.9 Throwing
 + Level 0.9 Armour
 + Level 4.5 Dodging
 + Level 2.4 Stealth
 + Level 0.9 Shields
 + Level 0.9 Unarmed Combat
 + Level 0.9 Spellcasting
 + Level 0.6 Conjurations
 + Level 0.6 Hexes
 + Level 0.6 Summonings
 + Level 0.6 Necromancy
 + Level 0.6 Translocations
 + Level 0.6 Transmutations
 + Level 0.6 Fire Magic
 + Level 0.6 Ice Magic
 + Level 0.6 Air Magic
 + Level 0.6 Earth Magic
 + Level 0.6 Poison Magic
 + Level 1.0 Invocations
 + Level 0.9 Evocations


You had 3 spell levels left.
You didn't know any spells.
Your spell library was empty.

Dungeon Overview and Level Annotations

Branches:
Dungeon (2/15)

Altars:


Innate Abilities, Weirdness & Mutations

You have very sharp teeth.
Your uncanny sense of smell can sniff out nearby items.
Your experience applies equally to all skills.
You are dopey. (Int -2)
You have a considerably increased reservoir of magic. (+20% MP)
A frigid envelope surrounds you and freezes all who hurt you.


Message History

There is a stone staircase leading up here.
a - a +0 shortbow (weapon)
The gnoll hits you from afar with a +0 spear.
The gnoll hits you with a +1 halberd of pain!
There is a stone staircase leading up here.
The gnoll barely misses you.
The gnoll hits you from afar with a +0 spear.
You climb upwards.
There is a stone staircase leading down here.
Unknown command.
The gnoll misses you.
Okay, then.
It was a potion of magic.
Magic courses through your body.
The gnoll hits you from afar with a +1 halberd of pain.
* * * LOW HITPOINT WARNING * * *
You writhe in agony.
* * * LOW HITPOINT WARNING * * *
Unknown command.
It was a potion of attraction.
You feel attractive to monsters.
The gnoll hits you from afar with a +1 halberd of pain.
* * * LOW HITPOINT WARNING * * *
You writhe in agony.
* * * LOW HITPOINT WARNING * * *
The gnoll is attracted toward you.
It was a potion of mutation.
You feel extremely strange.
You feel stupid.
Your skin feels very cold.
You feel more energetic. x2
The gnoll hits you but does no damage.
The gnoll is very cold.
The gnoll is heavily wounded.
Unknown command.
It was a potion of cancellation.
Your magical effects are unravelling.
You feel magically purged. The gnoll hits you but does no damage.
The gnoll is very cold.
The gnoll is severely wounded.
You feel less attractive to monsters.
As you read the scroll labelled JATAQOLACOT, it crumbles to dust.
You feel strangely unstable.
It was a scroll of teleportation.
The gnoll hits you with a +1 halberd of pain.
You die...

### ###### ##.###.##.#
#.........# ##.###.##.#####
#.#......#...# #.#.#......#.#
#.#.###....#.########
#.#...#.............#
#.###.#.>g@.........#
###.......)...........#
#.......##............#
#.......#.............#
#...รท...#......########
##.......#........############
####........#....#.#.............
#...........####...#######.......
#....#####...................#...


You could see a gnoll.

Vanquished Creatures
  A gnoll (D:1)
  2 dart slugs (D:1)
  2 ball pythons (D:1)
  3 endoplasms (D:1)
  3 giant cockroaches
  4 jackals
  6 bats (D:1)
  A frilled lizard (D:1)
  3 kobolds
  A rat (D:1)
26 creatures vanquished.

Notes
Turn   | Place    | Note
-------+----------+-------------------------------------------
     0 | D:1      | billz999 the Gnoll Hunter began the quest for the Orb.
     0 | D:1      | Reached XP level 1. HP: 20/20 MP: 1/1
   147 | D:1      | Reached XP level 2. HP: 26/26 MP: 2/2
   697 | D:1      | Reached XP level 3. HP: 31/31 MP: 3/3
  1032 | D:1      | Reached skill level 1 in Invocations
  1074 | D:1      | Gained mutation: You are dopey. (Int -2) [potion of
                  | mutation]
  1074 | D:1      | Gained mutation: A frigid envelope surrounds you and
                  | freezes all who hurt you. [potion of mutation]
  1074 | D:1      | Gained mutation: You have an increased reservoir of magic.
                  | (+10% MP) [potion of mutation]
  1074 | D:1      | Gained mutation: You have a considerably increased
                  | reservoir of magic. (+20% MP) [potion of mutation]
  1076 | D:1      | Slain by a gnoll

Illustrated notes

Levels and vault maps discovered:
D:1:      lemuel_arrival_tunnels, layout_basic
D:2:      layout_loops_ring

Skill      XL: |  1  2  3 |
---------------+----------+-----
Invocations    | 1 |  1.0
Fighting       | |  4.5
Short Blades   | |  0.9
Long Blades    | |  0.9
Axes           | |  0.9
Maces & Flails | |  0.9
Polearms       | |  0.9
Staves         | |  0.9
Ranged Weapons | |  8.5
Throwing       | |  0.9
Armour         | |  0.9
Dodging        | |  4.5
Stealth        | |  2.4
Shields        | |  0.9
Unarmed Combat | |  0.9
Spellcasting   | |  0.9
Conjurations   | |  0.6
Hexes          | |  0.6
Summonings     | |  0.6
Necromancy     | |  0.6
Translocations | |  0.6
Transmutations | |  0.6
Fire Magic     | |  0.6
Ice Magic      | |  0.6
Air Magic      | |  0.6
Earth Magic    | |  0.6
Poison Magic   | |  0.6
Evocations     | |  0.9

Action                   || total
-------------------------++-------
Melee: Scimitar          ||    10
 Fire: Shortbow          ||    62
  Use: Potion            ||     4
       Scroll            ||     1
Armor: Scale mail        ||    22
Dodge: Dodged            ||    14

Table legend: (Time is in decaauts)
 A = Elapsed time spent in this place.
 B = Non-inter-level travel time spent in this place.
 C = Inter-level travel time spent in this place.
 D = Time resting spent in this place.
 E = Time spent auto-exploring this place.
 F = Levels seen in this place.
 G = Mean time per level.
                   A        B        C        D        E       F      G
               +--------+--------+--------+--------+--------+-----+--------+
         Total |   1095 |   1053 |     42 |     31 |    835 |   2 |  547.5 |
       Dungeon |   1095 |   1053 |     42 |     31 |    835 |   2 |  547.5 |
               +--------+--------+--------+--------+--------+-----+--------+

Top non-repeatable levels by time:
     D:1: 936 daAuts
     D:2: 159 daAuts
